[Event "*** Titled Tuesday Blitz"]
[Site "Chess.com"]
[Date "2019.06.04"]
[Round "2"]
[White "Spring199"]
[Black "pedro_gines"]
[Result "0-1"]
[WhiteElo "2217"]
[BlackElo "2402"]
[TimeControl "180+2"]
[EndTime "13:23:05 PDT"]
[Termination "pedro_gines won by resignation"]

1. d4 Nf6 2. c4 d6 3. Nc3 e5 4. dxe5 dxe5 5. Qxd8+ Kxd8 6. Bg5 c6 7. O-O-O+ Kc7 8. Nf3 Nfd7 9. Nxe5 f6 10. Nxd7 fxg5 11. Nxf8 Rxf8 12. f3 g4 13. h3 gxh3 14. gxh3 Be6 15. b3 Nd7 16. Ne4 a5 17. h4 a4 18.
Kb2 Ne5 19. Ng5 Bg8 20. Bh3 h6 21. Ne4 a3+ 22. Kc3 Rae8 23. Rhg1 Nxf3 24. Rxg7+ Kb8 25. Nd6 Re3+ 26. Rd3 Rxe2 27. Rxb7+ Ka8 28. Rb4 Ne1 29.
Ra4+ Kb8 30. Rxa3 Rc2+ 31. Kb4 Nxd3+ 32. Ka5 Rd8 33. Ne4 Kc7 34. Nc5 Nxc5 35. Kb4 Nd3+ 0-1

[Event "*** Titled Tuesday Blitz"]
[Site "Chess.com"]
[Date "2019.06.04"]
[Round "2"]
[White "mouseWLZ"]
[Black "Sebastian"]
[Result "1-0"]
[WhiteElo "2678"]
[BlackElo "2876"]
[TimeControl "180+2"]
[EndTime "13:23:07 PDT"]
[Termination "mouseWLZ won by resignation"]

1. d4 Nf6 2. Bf4 e6 3. e3 d5 4.
Nf3 Bd6 5. Bg3 O-O 6. Nbd2 c5 7.
c3 Qc7 8. Bxd6 Qxd6 9. Be2 Nbd7 10. O-O b6 11. a4 Bb7 12. a5 Qc7 13. Qa4 Bc6 14.
Qa3 Rfb8 15. b4 c4 16. axb6 axb6 17. Qb2 Ba4 18. h3 h6 19. Rfe1 Ra7 20. Bf1 Rba8 21. Ra3 Ne8 22. Rea1 Nd6 23. g3 Bc6 24. Rxa7 Rxa7 25.
Ne5 Rxa1 26. Qxa1 Nxe5 27. dxe5 Nb5 28. f4 Qa7 29. Qxa7 Nxa7 30. Nf3 Ba4 31. Nd4 Nb5 32.
Nxb5 Bxb5 33. Kf2 Ba4 34. e4 d4 35. cxd4 c3 36. Ke3 Kf8 37. Bc4 Bc2 38. d5 Bxe4 39.
d6 Ke8 40. Bd3 c2 41. Bb5+ Kd8 42. Kd2 f6 43. Ba4 fxe5 44. fxe5 Bg2 45. h4 Bh3 46. Bxc2 Bg4 47. Bd3 Bh3 48. Kc3 Bg4 49. Kc4 Kc8 50. Kb5 Kb7 51. Be4+ 1-0

[Event "*** Titled Tuesday Blitz"]
[Site "Chess.com"]
[Date "2019.06.04"]
[Round "2"]
[White "Berardino"]
[Black "csati17"]
[Result "1-0"]
[WhiteElo "2557"]
[BlackElo "2509"]
[TimeControl "180+2"]
[EndTime "13:23:07 PDT"]
[Termination "Berardino won by resignation"]

1. e4 e6 2. d4 d5 3. Nd2 Nf6 4. e5 Nfd7 5. f4 c5 6. Ngf3 Nc6 7. Nb3 Qb6 8. c3 cxd4 9. Nbxd4 Nxd4 10. cxd4 Bb4+ 11. Bd2 a5 12. Bd3 a4 13. a3 Bxd2+ 14.
Qxd2 Qb3 15. O-O Nb6 16. Rac1 Bd7 17. Rc3 Qa2 18. f5 Nc4 19. Bxc4 dxc4 20. f6 Bc6 21. Ng5 gxf6 22. exf6 Rg8 23. Rg3 h6 24. Qb4 Kd7 25. Nxf7 Kc7 26. Ne5 Rxg3 27. hxg3 Rg8 28. f7 Rxg3 29.
Nxc6 1-0

[Event "*** Titled Tuesday Blitz"]
[Site "Chess.com"]
[Date "2019.06.04"]
[Round "2"]
[White "vohiraa"]
[Black "LastHeroJr"]
[Result "0-1"]
[WhiteElo "2325"]
[BlackElo "2506"]
[TimeControl "180+2"]
[EndTime "13:23:07 PDT"]
[Termination "LastHeroJr won on time"]

1. e4 Nc6 2. Nf3 d6 3. d4 Nf6 4.
Nc3 g6 5. Be2 Bg7 6. O-O O-O 7.
h3 e5 8. d5 Ne7 9. a4 c6 10. dxc6 bxc6 11. b3 Qc7 12. Ba3 Rd8 13. Qe1 Nh5 14. Rd1 Nf4 15. Bc4 Be6 16. Qd2 d5 17.
exd5 cxd5 18. Nb5 Qd7 19. Be2 Bxh3 20. gxh3 Qxh3 21. Ne1 Nf5 22. Bf3 Nh4 23. Qe3 Bh6 24.
Bg2 Qg4 25. f3 Qg3 26. Kh1 Nhxg2 27. Qg1 a6 28. Nc7 Rac8 0-1

[Event "*** Titled Tuesday Blitz"]
[Site "Chess.com"]
[Date "2019.06.04"]
[Round "2"]
[White "Bryakin_Mikhail"]
[Black "tbalabayev"]
[Result "1-0"]
[WhiteElo "2716"]
[BlackElo "2373"]
[TimeControl "180+2"]
[EndTime "13:23:08 PDT"]
[Termination "Bryakin_Mikhail won on time"]

1. d4 Nf6 2. c4 d6 3. Nf3 Nc6 4. d5 Nb8 5. Nc3 e5 6. e4 a5 7.
h3 Na6 8. Bd3 Nc5 9. Bc2 Be7 10. Be3 b6 11. O-O O-O 12. a3 Ne8 13. b4 Nb7 14. Qd2 g6 15. Bh6 Ng7 16. Ra2 f5 17.
Ne1 f4 18. Kh2 Bg5 19. Bxg5 Qxg5 20. Nf3 Qe7 21. Bd3 h5 22. Be2 g5 23. h4 gxh4 24. Rh1 Bd7 25. Kg1 h3 26. gxh3 Kh8 27. Kh2 Rg8 28. Raa1 Raf8 29. Rag1 Ne8 30. Qd1 Bc8 31.
Bf1 Qh7 32. Nh4 Nf6 33. Qf3 Ng4+ 34. Kg2 1-0

[Event "*** Titled Tuesday Blitz"]
[Site "Chess.com"]
[Date "2019.06.04"]
[Round "2"]
[White "Saitama_Hero"]
[Black "MagnutssCarleson"]
[Result "0-1"]
[WhiteElo "2441"]
[BlackElo "2281"]
[TimeControl "180+2"]
[EndTime "13:23:09 PDT"]
[Termination "MagnutssCarleson won by resignation"]

1. d4 Nf6 2. c4 g6 3. Nc3 Bg7 4. e4 d6 5. Nf3 O-O 6. h3 Nc6 7. d5 Nb8 8. Bd3 Nbd7 9. O-O e5 10. a3 Ne8 11. b4 h6 12. Qc2 Ndf6 13. c5 Nh5 14. Re1 f5 15. Bb2 f4 16. Be2 Rf7 17.
Rac1 a6 18. Nd2 f3 19. Bxf3 Nf4 20. Kh2 Nf6 21. Ne2 N6h5 22. Nxf4 Nxf4 23. Re3 Qh4 24. Bd1 Qxf2 25. Nc4 Qh4 26. cxd6 cxd6 27. Nxd6 Rf8 28. Nxc8 Raxc8 29. Qd2 Rcd8 30. Bg4 h5 31. g3 Qe7 32. Bd1 Bh6 33. d6 Rxd6 34. Bb3+ Kh7 35. Qc2 Rfd8 36. gxf4 Rd2+ 37. Re2 Rxc2 38. Rcxc2 Bxf4+ 39. Kh1 Rd1+ 40. Kg2 Qg5+ 0-1

[Event "*** Titled Tuesday Blitz"]
[Site "Chess.com"]
[Date "2019.06.04"]
[Round "2"]
[White "GMKrikor"]
[Black "LonesomeGeorge1"]
[Result "1-0"]
[WhiteElo "2718"]
[BlackElo "2355"]
[TimeControl "180+2"]
[EndTime "13:23:10 PDT"]
[Termination "GMKrikor won by resignation"]

1. e4 c6 2. d4 d5 3. Nc3 dxe4 4.
Nxe4 Nf6 5. Nxf6+ exf6 6. c3 Bd6 7. Bd3 O-O 8. Qc2 h5 9. Ne2 h4 10. Bd2 Be6 11. O-O a5 12. c4 Na6 13. a3 Re8 14. h3 Nc7 15. Be3 Qd7 16. Rfe1 Bxh3 17. gxh3 Qxh3 18. Bf5 Qh2+ 19. Kf1 h3 20. Be4 Re6 21.
Bf3 Rae8 22. Qf5 g6 23. Qg4 f5 24. Qh4 f6 25. Ng1 g5 26. Qxh3 Qxh3+ 27. Nxh3 g4 28. Nf4 gxf3 29. Nxe6 Nxe6 30. d5 cxd5 31. cxd5 Ng7 32.
Bd4 Be5 33. d6 Kf7 34. Rad1 Rd8 35. Bxe5 fxe5 36. Rxe5 Kf6 37. Rxa5 Ne6 38. Rb5 Rh8 39. Ke1 Ng5 40. Kd2 Ne4+ 41. Ke3 Kg5 42. Rg1+ Kf6 43.
Kxf3 Rd8 44. Rd1 Rd7 45. Kf4 Ng5 46. Rxf5+ 1-0

[Event "*** Titled Tuesday Blitz"]
[Site "Chess.com"]
[Date "2019.06.04"]
[Round "2"]
[White "Grandelicious"]
[Black "pheonixking2000"]
[Result "1-0"]
[WhiteElo "2735"]
[BlackElo "2710"]
[TimeControl "180+2"]
[EndTime "13:23:13 PDT"]
[Termination "Grandelicious won by resignation"]

1. e4 c6 2. d4 d5 3. Nc3 dxe4 4.
Nxe4 Nf6 5. Nxf6+ exf6 6. c3 Bd6 7. Bd3 O-O 8. Qc2 Re8+ 9. Ne2 h5 10. O-O Nd7 11. Ng3 Bxg3 12. fxg3 Nf8 13. Bd2 Qd5 14.
h3 c5 15. dxc5 Rd8 16. Rf3 Bxh3 17. Be4 Qxd2 18. gxh3 Qxc2 19. Bxc2 Rd2 20. Rf2 Rad8 21. Re1 Ne6 22. b4 b6 23. cxb6 axb6 24. Ree2 Rxe2 25.
Rxe2 h4 26. gxh4 Nf4 27. Re4 Nxh3+ 28. Kf1 g6 29. Bb3 g5 30. Re7 Rf8 31. hxg5 fxg5 32. Rb7 Kg7 33. Rxb6 f5 34. a4 g4 35. Be6 Ng5 36.
a5 Rd8 37. Bxf5 Rf8 38. Rg6+ 1-0

[Event "*** Titled Tuesday Blitz"]
[Site "Chess.com"]
[Date "2019.06.04"]
[Round "2"]
[White "nitpicker"]
[Black "jamengrand"]
[Result "0-1"]
[WhiteElo "2211"]
[BlackElo "2123"]
[TimeControl "180+2"]
[EndTime "13:23:13 PDT"]
[Termination "jamengrand won on time"]

1. d4 d5 2. c4 Bf5 3. cxd5 Bxb1 4. Qa4+ c6 5. dxc6 Nxc6 6. Rxb1 e5 7. Bd2 exd4 8. Nf3 Nf6 9. a3 Bd6 10. g3 O-O 11.
Bg2 Re8 12. Qb5 Qb6 13. Qd3 Ne4 14. O-O Nc5 15. Qc4 Nb3 16. Bb4 Bxb4 17. Qxb3 Bc5 18.
Qd3 Rad8 19. Rfe1 a5 20. Ng5 g6 21. Ne4 Be7 22. f4 a4 23. h3 Na5 24. Kh2 Nb3 25. Nd2 Bf6 26. Nxb3 Re3 27. Qc4 Rxb3 28. Qxa4 h5 29. h4 d3 30. exd3 Rdxd3 31. Qe8+ Kg7 32. Re2 Rxg3 33. Rd1 Bxh4 34. Rd7 Qf6 35. Ree7 Rh3+ 36. Kg1 Qb6+ 0-1

[Event "*** Titled Tuesday Blitz"]
[Site "Chess.com"]
[Date "2019.06.04"]
[Round "2"]
[White "Rakhmanov_Aleksandr"]
[Black "Didici"]
[Result "0-1"]
[WhiteElo "2782"]
[BlackElo "2612"]
[TimeControl "180+2"]
[EndTime "13:23:18 PDT"]
[Termination "Didici won by resignation"]

1. c4 e6 2. e4 d5 3. exd5 exd5 4. d4 Nf6 5. Nc3 Bb4 6. Bd3 dxc4 7. Bxc4 O-O 8. Ne2 Bf5 9. O-O Nbd7 10. Ng3 Bg6 11. f4 Bxc3 12. bxc3 Be4 13. Nxe4 Nxe4 14. Re1 Nd6 15. Bd3 Re8 16. Re5 f6 17. Qh5 Nf8 18. Rxe8 Qxe8 19. Qd5+ Qe6 20. Qxe6+ Nxe6 21. f5 Ng5 22.
Bf4 Re8 23. c4 Nge4 24. Re1 Nc3 25. Rxe8+ Nxe8 26. Bd2 Na4 27. c5 c6 28. Bc4+ Kf8 29. Bb3 Nb2 30. Kf2 Nc7 31. Ke2 Nd5 32. Bc1 Na4 33.
Bxa4 Nc3+ 34. Kd3 Nxa4 35. Kc4 b5+ 36. Kb4 Ke7 37. d5 Kd7 38. d6 a5+ 39. Kxa5 Nxc5 40. Ba3 Nb7+ 41. Kb6 Nxd6 42. g4 Nc4+ 43. Kc5 Nxa3 0-1

[Event "*** Titled Tuesday Blitz"]
[Site "Chess.com"]
[Date "2019.06.04"]
[Round "2"]
[White "IMDT02"]
[Black "guillembaches"]
[Result "1-0"]
[WhiteElo "2478"]
[BlackElo "2291"]
[TimeControl "180+2"]
[EndTime "13:23:21 PDT"]
[Termination "IMDT02 won by resignation"]

1. d4 Nf6 2. c4 e6 3. Nc3 Bb4 4. e3 O-O 5. Ne2 Re8 6. a3 Bf8 7. d5 d6 8. g3 c6 9. Bg2 exd5 10. cxd5 c5 11. O-O a6 12. a4 Nbd7 13. e4 Rb8 14. a5 Ne5 15. f4 Nc4 16. Qa4 b5 17. axb6 Nxb6 18. Qc2 h5 19. h3 h4 20. g4 Nxg4 21. hxg4 Bxg4 22. Qd3 Nd7 23. Bh3 Nf6 24. Bxg4 Nxg4 25. Qh3 Nf6 26. Qxh4 Nxe4 27. Qxd8 Rbxd8 28. Rxa6 g6 29. Nxe4 Rxe4 30. Nc3 Rd4 31. Be3 Rd3 32. Kf2 Bg7 33. Ke2 c4 34. Rd1 Bxc3 35. bxc3 Rxc3 36. Rc1 Rd3 37. Rxc4 Rxd5 38. Rd4 Rxd4 39. Bxd4 Kh7 40.
Kf3 Rd7 41. Ra8 g5 42. f5 1-0

[Event "*** Titled Tuesday Blitz"]
[Site "Chess.com"]
[Date "2019.06.04"]
[Round "2"]
[White "OglazaOskar2005"]
[Black "alturas_pacificas"]
[Result "1-0"]
[WhiteElo "2184"]
[BlackElo "2266"]
[TimeControl "180+2"]
[EndTime "13:23:21 PDT"]
[Termination "OglazaOskar2005 won by resignation"]

1. e4 e5 2. Nf3 Nf6 3. Nxe5 d6 4.
Nf3 Nxe4 5. Nc3 Nf6 6. d4 d5 7. Bd3 Bd6 8. O-O O-O 9. Re1 c6 10. Ne5 Nbd7 11. Bg5 h6 12. Bh4 Qc7 13. Nxd7 Nxd7 14.
h3 g5 15. Qh5 gxh4 16. Qxh6 f5 17. Re6 Nf6 18. Rxf6 Rxf6 19. Qxf6 Qe7 20. Qg6+ Kh8 21. Kf1 Qe6 22. Qh5+ Kg7 23. Qxh4 Qf6 24. Qxf6+ Kxf6 25. Re1 Bd7 26. Ne2 b5 27. Ng3 Rf8 28. Re3 a5 29. Rf3 Kg5 30. h4+ Kg4 31. h5 f4 32. Ne2 Kxh5 33. g3 Bg4 34. Nxf4+ Kg5 35. Re3 Bxf4 36. gxf4+ Rxf4 37. c3 Rf3 38. Rxf3 Bxf3 39.
Ke1 Kf4 40. b3 Bg2 41. a4 bxa4 42. bxa4 Bh3 43. Kd2 Bd7 44. c4 dxc4 45. Bxc4 c5 46. Bb5 Bc8 47. dxc5 Ke5 48. c6 Kd6 49. f4 Bf5 50.
Ke3 Bc8 51. Kd4 Bf5 52. Bd3 Bc8 53. Be4 Ba6 54. f5 Bc8 55. f6 Ke6 56. c7 Kxf6 57. Kc5 Ke7 58. Bc6 Be6 59. Bb7 Bd7 60.
c8=Q Bxc8 61. Bxc8 Kd8 62. Ba6 Kc7 63. Bc4 Kb8 64. Kb5 Ka7 65. Kxa5 Kb8 1-0

[Event "*** Titled Tuesday Blitz"]
[Site "Chess.com"]
[Date "2019.06.04"]
[Round "2"]
[White "CrgKrishna"]
[Black "chorejason"]
[Result "0-1"]
[WhiteElo "2174"]
[BlackElo "2254"]
[TimeControl "180+2"]
[EndTime "13:23:21 PDT"]
[Termination "chorejason won on time"]

1. d4 Nf6 2. c4 g6 3. g3 Bg7 4.
Bg2 O-O 5. Nc3 c5 6. Nf3 Nc6 7. O-O cxd4 8. Nxd4 Nxd4 9. Qxd4 d6 10. Bg5 Be6 11. Rac1 Rc8 12. Bxb7 Rxc4 13. Qd2 h6 14. Bf4 g5 15. Be3 Ng4 16. b3 Rc7 17. Bf3 Nxe3 18. Qxe3 d5 19. Qd3 Rd7 20. Rfd1 Qa5 21. Na4 d4 22.
Nc5 Rd6 23. Nb7 Qa6 24. Nxd6 Qxd6 25. Rc6 Qe5 26. Rdc1 Bf5 27. Qd2 Bg6 28. R1c5 Qb8 29. Bd5 e6 30. Bf3 e5 31. Bd5 Kh7 32. Qa5 e4 0-1

[Event "*** Titled Tuesday Blitz"]
[Site "Chess.com"]
[Date "2019.06.04"]
[Round "2"]
[White "Witik"]
[Black "Semen_Khanin"]
[Result "1-0"]
[WhiteElo "2608"]
[BlackElo "2692"]
[TimeControl "180+2"]
[EndTime "13:23:23 PDT"]
[Termination "Witik won by resignation"]

1. d4 Nf6 2. c4 e6 3. Nf3 Bb4+ 4.
Nbd2 O-O 5. e3 d5 6. a3 Be7 7. b4 Ne4 8. Bd3 f5 9. Bb2 Nd7 10. O-O Ndf6 11. Ne5 c6 12. Qc2 Bd7 13. Nb3 Be8 14.
f3 Nd6 15. a4 dxc4 16. Nxc4 Nd5 17. Ba3 Nxc4 18. Qxc4 Bf7 19. Rfe1 e5 20. Bxf5 g6 21.
Be4 Nxe3 22. Qd3 exd4 23. Nxd4 Nd5 24. b5 Bxa3 25. Rxa3 c5 26. Nc2 c4 27. Qxc4 Rc8 28. Qd4 Qg5 29. Bxd5 Rxc2 30. Bxf7+ Kxf7 31. g3 Rd8 32. Qe4 Qc5+ 33. Kh1 Rdd2 34. Qe8+ Kg7 35. Re7+ Qxe7 36.
Qxe7+ Kg8 37. Qe8+ Kg7 38. Qe7+ Kh6 39. Qh4+ Kg7 40.
Ra1 Re2 41. Rd1 Red2 42. Rxd2 Rxd2 43. Qe7+ Kh6 44. Qxb7 1-0

[Event "*** Titled Tuesday Blitz"]
[Site "Chess.com"]
[Date "2019.06.04"]
[Round "2"]
[White "TST2014"]
[Black "NateSolon"]
[Result "1-0"]
[WhiteElo "2552"]
[BlackElo "2496"]
[TimeControl "180+2"]
[EndTime "13:23:26 PDT"]
[Termination "TST2014 won by resignation"]

1. d4 Nf6 2. c4 e6 3. Nf3 d5 4. Nc3 a6 5. cxd5 exd5 6. Bg5 Be6 7. e3 Nbd7 8. Bd3 Bd6 9. Bf4 Qe7 10. O-O O-O 11.
a3 c6 12. b4 Bg4 13. h3 Bh5 14.
Bxd6 Qxd6 15. Be2 Rfe8 16. Nd2 Bxe2 17. Qxe2 b5 18. Nb3 Nb6 19. Nc5 Nc4 20. a4 a5 21.
axb5 axb4 22. Rxa8 Rxa8 23. N3e4 Nxe4 24. Nxe4 Qe7 25.
Nc5 cxb5 26. Rb1 g6 27. Rxb4 Ra1+ 28. Kh2 Nd6 29. Qf3 Qg5 30. g3 Ra2 31. Kg2 h5 32.
h4 Qf5 33. Qxf5 Nxf5 34. Kf3 Nd6 35. Nd3 Rd2 36. Nf4 Ne4 37. Nh3 Nc3 38. Kf4 Kg7 39. Rb3 Ne4 40. Ke5 Nxf2 41. Nxf2 Rxf2 42. Kxd5 Rf3 43.
Kc6 Rxg3 44. d5 Kf6 45. d6 Rg4 46. Rd3 Rc4+ 47. Kb7 1-0

[Event "*** Titled Tuesday Blitz"]
[Site "Chess.com"]
[Date "2019.06.04"]
[Round "2"]
[White "x-3738459472"]
[Black "Aknok"]
[Result "0-1"]
[WhiteElo "2533"]
[BlackElo "2414"]
[TimeControl "180+2"]
[EndTime "13:23:26 PDT"]
[Termination "Aknok won by resignation"]

1. e4 e6 2. d4 d5 3. Nd2 dxe4 4. Nxe4 Qd5 5. Bd3 Nf6 6. Qe2 Qxd4 7. Nf3 Qb4+ 8. Bd2 Qxb2 9. Bc3 Bb4 10. O-O Bxc3 11. Rab1 Qa3 12. Rb3 Qe7 13. Rxc3 Nd5 14. Rb3 Nc6 15. Rfb1 O-O 16. g3 b6 17. c4 Nf6 18.
Nxf6+ Qxf6 19. Qe4 g6 20. Qxc6 Ba6 21. Be4 Rad8 22. Qxc7 Rc8 23. Qe5 Qe7 24. Rc3 Rc5 25. Qf4 f5 26. Bc2 e5 27. Re1 e4 28. Qh4 Qg7 29. Ng5 h6 30. Ne6 Qxc3 31. Re3 Qf6 32. Nxc5 Qxh4 33. gxh4 bxc5 34. Ra3 Rf6 35. Ra5 Bxc4 36.
Rxa7 Ra6 37. Rxa6 Bxa6 38. Kg2 Kf7 39. Kg3 Kf6 40. Kf4 c4 41. Ke3 Ke5 42. a4 f4+ 43.
Kd2 Kd4 44. a5 c3+ 45. Ke1 Bd3 46. Bxd3 Kxd3 47. Kd1 e3 48. fxe3 fxe3 0-1

[Event "*** Titled Tuesday Blitz"]
[Site "Chess.com"]
[Date "2019.06.04"]
[Round "2"]
[White "sergeikim"]
[Black "Joseph_Truelson"]
[Result "1/2-1/2"]
[WhiteElo "2403"]
[BlackElo "2258"]
[TimeControl "180+2"]
[EndTime "13:23:31 PDT"]
[Termination "Game drawn by repetition"]

1. d4 d6 2. c4 e5 3. Nf3 e4 4.
Ng5 f5 5. Nc3 Nf6 6. Bf4 h6 7.
Nh3 g5 8. Bd2 Nc6 9. e3 Bg7 10.
a3 O-O 11. Be2 a5 12. Qc2 Kh8 13. f3 exf3 14. gxf3 f4 15. Nf2 Nh5 16. d5 fxe3 17. Bxe3 Ne5 18. O-O-O Nxf3 19. Nfe4 g4 20. Ng3 Nf4 21.
Bxf3 gxf3 22. Bd4 Bxd4 23. Rxd4 Qg5 24. Kb1 Bh3 25. Nce4 Qg6 26. Qc3 Rae8 27. Ka2 Bf5 28. Qxf3 Bxe4 29. Rxe4 Rxe4 30. Qxe4 Qxe4 31. Nxe4 Nd3 32.
Rg1 Rf4 33. Nc3 Rxc4 34. Nb5 Rc2 35. a4 Rxb2+ 36. Ka3 Rb4 37. Nxc7 Nc5 38. Rg6 Rxa4+ 39. Kb2 Rb4+ 40. Ka3 Ra4+ 41. Kb2 Rb4+ 42. Ka3 Ra4+ 1/2-1/2

[Event "*** Titled Tuesday Blitz"]
[Site "Chess.com"]
[Date "2019.06.04"]
[Round "2"]
[White "kleinebeer98"]
[Black "Fighterman91"]
[Result "1-0"]
[WhiteElo "2705"]
[BlackElo "2766"]
[TimeControl "180+2"]
[EndTime "13:23:34 PDT"]
[Termination "kleinebeer98 won by resignation"]

1. e4 c5 2. Nf3 d6 3. Nc3 a6 4.
d4 cxd4 5. Nxd4 Nf6 6. Rg1 e5 7. Nb3 Be6 8. g4 h6 9. h4 Nbd7 10. g5 hxg5 11. hxg5 Nh5 12. g6 fxg6 13. Rxg6 Bf7 14.
Rg1 Ndf6 15. Be3 Nf4 16. Qd2 Qc7 17. a4 d5 18. exd5 N6xd5 19. Nxd5 Nxd5 20. Bg5 Bb4 21. c3 Nxc3 22. Rc1 Bxb3 23. bxc3 Ba5 24. Bd3 Rc8 25. Bg6+ Bf7 26. Qd3 Bxg6 27. Qxg6+ Qf7 28. Qd6 Rc6 29. Qb8+ Kd7 30. Qxh8 Rxc3 31. Rxc3 Bxc3+ 32. Kf1 Qc4+ 33. Kg2 Qe4+ 34. Kh2 Qg6 35. Qh3+ Ke8 36. Qxc3 Qh5+ 37.
Qh3 1-0

[Event "*** Titled Tuesday Blitz"]
[Site "Chess.com"]
[Date "2019.06.04"]
[Round "2"]
[White "vlad10898"]
[Black "igorkovalenko"]
[Result "0-1"]
[WhiteElo "2601"]
[BlackElo "2884"]
[TimeControl "180+2"]
[EndTime "13:23:37 PDT"]
[Termination "igorkovalenko won by checkmate"]

1. e4 c5 2. Nf3 d6 3. d4 cxd4 4. Nxd4 Nf6 5. Nc3 a6 6. Bg5 e6 7. f4 Nbd7 8. Qe2 Qc7 9. O-O-O Be7 10. g4 h6 11. Bh4 b5 12. a3 Bb7 13. Kb1 Rc8 14.
Rg1 Qb6 15. e5 dxe5 16. fxe5 Ng8 17. Bf2 Qc7 18. Bg3 b4 19. axb4 Bxb4 20. Ne4 Qb6 21. Nd6+ Bxd6 22. exd6 Ngf6 23. Bg2 O-O 24. h4 Bxg2 25.
Rxg2 Nd5 26. Kc1 Rb8 27. b3 Qa5 28. Nxe6 Rfc8 29. Nc7 Qa1+ 30. Kd2 Qc3+ 31. Kc1 Nc5 32. Be5 Nxb3+ 33. Kb1 Nd2+ 34. Ka2 Nb4# 0-1

[Event "*** Titled Tuesday Blitz"]
[Site "Chess.com"]
[Date "2019.06.04"]
[Round "2"]
[White "Blitzstream"]
[Black "TigranLPetrosyan"]
[Result "1/2-1/2"]
[WhiteElo "2679"]
[BlackElo "2832"]
[TimeControl "180+2"]
[EndTime "13:23:37 PDT"]
[Termination "Game drawn by repetition"]

1. d4 g6 2. h4 Nf6 3. Nc3 d5 4. Nf3 c6 5. Ne5 Nbd7 6. Nd3 Bg7 7. Bf4 Qb6 8. e3 h5 9. Qf3 Ng4 10. O-O-O e5 11. dxe5 Ndxe5 12. Nxe5 Nxe5 13. Qg3 Ng4 14. f3 Nf6 15. e4 Be6 16. Bc7 Qb4 17. a3 Qe7 18.
exd5 Nxd5 19. Nxd5 Bxd5 20. Rxd5 O-O 21. Rd2 Qf6 22.
c3 Bh6 23. f4 Rfe8 24. Bc4 Rac8 25. Be5 Qf5 26. Bd3 Qe6 27. Re1 Rcd8 28. Kc2 a5 29. Rde2 a4 30. f5 Qb3+ 31. Kb1 Bf8 32. fxg6 f6 33. Qf4 Rxd3 34. Qxf6 Rd1+ 35. Rxd1 Qxd1+ 36. Ka2 Qb3+ 37. Kb1 Qd1+ 38. Ka2 Qb3+ 39. Kb1 Qd1+ 1/2-1/2

[Event "*** Titled Tuesday Blitz"]
[Site "Chess.com"]
[Date "2019.06.04"]
[Round "2"]
[White "Dr-Bassem"]
[Black "GelmanAlexander"]
[Result "1-0"]
[WhiteElo "2841"]
[BlackElo "2600"]
[TimeControl "180+2"]
[EndTime "13:23:38 PDT"]
[Termination "Dr-Bassem won by resignation"]

1. e4 d5 2. exd5 Qxd5 3. Nc3 Qa5 4. d4 Nf6 5. Nf3 Bf5 6. Bc4 e6 7.
Bd2 Bb4 8. a3 Bxc3 9. Bxc3 Qb6 10. O-O Nc6 11. a4 a5 12. Ne5 O-O 13. Bb5 Nxe5 14.
dxe5 Rfd8 15. Qe2 Ne4 16. Bd3 Nxc3 17. bxc3 Bg6 18. Rfb1 Qc6 19. Rb3 b6 20. c4 Rd7 21.
h4 Rad8 22. h5 Bxd3 23. cxd3 h6 24. Qe3 Rd4 25. Raa3 Qc5 26. g3 Qc6 27. Rb5 Qd7 28. c5 bxc5 29. Rxc5 Rxa4 30. Rac3 Ra1+ 31. Kh2 Qc8 32. Rxc7 Qa8 33. R3c6 Rd1 34. Qf3 Rf8 35. Qxd1 a4 36. Rc4 a3 37. Ra4 Qc8 1-0

[Event "*** Titled Tuesday Blitz"]
[Site "Chess.com"]
[Date "2019.06.04"]
[Round "2"]
[White "Alexander_Moskalenko"]
[Black "KazakhFighter04"]
[Result "1-0"]
[WhiteElo "2903"]
[BlackElo "2620"]
[TimeControl "180+2"]
[EndTime "13:23:39 PDT"]
[Termination "Alexander_Moskalenko won by checkmate"]

1. e4 c5 2. Nf3 Nc6 3. d4 cxd4 4. Nxd4 Nf6 5. Nc3 e5 6. Ndb5 d6 7. Bg5 a6 8. Na3 b5 9. Nd5 Be7 10. Bxf6 Bxf6 11. c3 Rb8 12. Nc2 Bg5 13. g3 O-O 14. Bg2 Be6 15. O-O Ne7 16. Ncb4 Bxd5 17. Nxd5 Nxd5 18. Qxd5 Qc7 19. Rfd1 Rfd8 20. h4 Bf6 21. Bf1 Qc5 22. a3 g6 23. Qb3 Kg7 24. Rd5 Qc8 25. Rad1 Be7 26. Qc2 Rb6 27. Bd3 Qg4 28. Be2 Qe6 29. Qd3 Rdb8 30. Qe3 Qh3 31. Bd3 Qg4 32.
Qe2 Qe6 33. h5 Qh3 34. hxg6 hxg6 35. Qf3 Rh8 36. Bc2 Rh5 37. Bb3 f5 38. Qg2 Qg4 39. exf5 gxf5 40. Re1 Rb8 41. Bd1 Qg5 42. f4 exf4 43.
Bxh5 fxg3 44. Rxe7+ Qxe7 45. Qxg3+ Kh8 46. Rxf5 Rg8 47. Bg6 Rg7 48. Rh5+ Kg8 49. Rg5 Qf6 50. Rg4 a5 51. Bd3 Rxg4 52. Qxg4+ Kh8 53. Qh5+ Kg7 54.
Qh7+ Kf8 55. Qf5 Ke8 56. Qxf6 b4 57. Bb5# 1-0

[Event "*** Titled Tuesday Blitz"]
[Site "Chess.com"]
[Date "2019.06.04"]
[Round "2"]
[White "Marcus_Harvey"]
[Black "Indianlad"]
[Result "1-0"]
[WhiteElo "2631"]
[BlackElo "2874"]
[TimeControl "180+2"]
[EndTime "13:23:39 PDT"]
[Termination "Marcus_Harvey won by resignation"]

1. d4 Nf6 2. Nf3 d5 3. c4 e6 4. Nc3 a6 5. cxd5 exd5 6. Bg5 Be6 7. e3 Nbd7 8. Bd3 Bd6 9. O-O c6 10. Ne2 h6 11. Bf4 Qc7 12. Bxd6 Qxd6 13. Rc1 Bg4 14. Ng3 h5 15. h3 Bxf3 16. Qxf3 g6 17. e4 dxe4 18.
Nxe4 Nxe4 19. Qxe4+ Kf8 20. Rfe1 Rd8 21. Bc4 Nf6 22.
Qe5 Kg7 23. Qxd6 Rxd6 24. Re7 Rd7 25. Rxd7 Nxd7 26. d5 c5 27. a4 Nb6 28. a5 Nxc4 29. Rxc4 Re8 30. Kf1 Kf6 31. Rxc5 Rd8 32. b4 Rd7 33. b5 axb5 34. Rxb5 Ke5 35. Ke2 Kd4 36. d6 Rxd6 37. Rxb7 Ra6 38. Rxf7 Rxa5 39. Re7 Rf5 40. h4 g5 41. hxg5 Rxg5 42. Kf3 Rf5+ 43. Kg3 Rg5+ 44.
Kh3 Kd5 45. f3 Kd6 46. Re2 Rf5 47. Kh4 Rd5 48. g4 hxg4 49. fxg4 Ra5 50. g5 Kd7 51. Kh5 Ra8 52. g6 Rh8+ 53. Kg5 Re8 54. Rxe8 Kxe8 55. Kh6 1-0

[Event "*** Titled Tuesday Blitz"]
[Site "Chess.com"]
[Date "2019.06.04"]
[Round "2"]
[White "Ruchess27"]
[Black "Filip_Covic"]
[Result "1-0"]
[WhiteElo "2257"]
[BlackElo "2354"]
[TimeControl "180+2"]
[EndTime "13:23:42 PDT"]
[Termination "Ruchess27 won by resignation"]

1. d4 Nf6 2. g3 e6 3. Bg2 d5 4. Nf3 Be7 5. O-O O-O 6. b3 c5 7. Bb2 Nc6 8. e3 Ne4 9. Nbd2 Nxd2 10. Qxd2 Bf6 11. Ne5 Qc7 12. f4 g6 13. Qf2 Bg7 14. Rac1 Nxe5 15. dxe5 c4 16. e4 dxe4 17. Ba3 Rd8 18. Bd6 Qc6 19. bxc4 Qxc4 20. Rfd1 f5 21. exf6 Bxf6 22. Be5 Be7 23. Rxd8+ Bxd8 24. Rd1 Bb6 25. Bd4 Qd5 26. c4 Qd8 27. Bxe4 e5 28. Bd5+ Kf8 29. fxe5+ Kg7 30. Qf7+ Kh6 31. Qf4+ Qg5 32. Bxb6 axb6 33.
Qf8+ 1-0

[Event "*** Titled Tuesday Blitz"]
[Site "Chess.com"]
[Date "2019.06.04"]
[Round "2"]
[White "Veiso"]
[Black "PotapovaM"]
[Result "0-1"]
[WhiteElo "2403"]
[BlackElo "2510"]
[TimeControl "180+2"]
[EndTime "13:23:42 PDT"]
[Termination "PotapovaM won by resignation"]

1. d4 Nf6 2. c4 c5 3. d5 b5 4.
cxb5 a6 5. b6 d6 6. Nc3 Nbd7 7.
e4 Nxb6 8. Be2 g6 9. Nf3 Bg7 10. O-O O-O 11. Nd2 e6 12. Bf3 exd5 13. exd5 Bf5 14. a4 a5 15. Re1 Qd7 16. Nde4 Nxe4 17. Nxe4 Nc4 18. Ra2 Ne5 19. Bf4 Rab8 20. b3 Rb4 21.
Bxe5 Bxe5 22. Nxc5 Qa7 23. Ne4 Rfb8 24. Nd2 Bxh2+ 25. Kxh2 Qxf2 26. Nc4 Qxa2 27. Nxd6 Qf2 28. Be4 Qh4+ 29. Kg1 Bxe4 30. Rf1 Qg3 31. Nxe4 Rxe4 32. d6 Qe3+ 33. Rf2 Rf4 0-1

[Event "*** Titled Tuesday Blitz"]
[Site "Chess.com"]
[Date "2019.06.04"]
[Round "2"]
[White "ChainsOfFantasia"]
[Black "MaestroASK"]
[Result "1-0"]
[WhiteElo "2528"]
[BlackElo "2515"]
[TimeControl "180+2"]
[EndTime "13:23:43 PDT"]
[Termination "ChainsOfFantasia won by resignation"]

1. d4 d6 2. Nf3 g6 3. c4 Bg7 4. Nc3 c6 5. g3 e5 6. Bg2 f6 7. O-O Nh6 8. dxe5 dxe5 9. Qb3 Qe7 10. Be3 Nf5 11. Ne4 Nxe3 12. Qxe3 O-O 13. c5 Na6 14. Nd6 Be6 15. Rfd1 Rfd8 16. a3 Bd5 17. b4 Rab8 18.
Nd2 f5 19. N2c4 Nc7 20. Na5 Bxg2 21. Kxg2 Nd5 22. Qb3 e4 23. Ra2 Be5 24. Rxd5 cxd5 25. Qxd5+ Kg7 26. Nac4 Bxd6 27. cxd6 Qf7 28. Qd4+ Kg8 29.
Rd2 Rbc8 30. Ne5 Qe6 31. f4 exf3+ 32. exf3 Rc1 33. f4 b6 34. d7 Qb3 35. Qd6 Qc3 36. Qe6+ Kg7 37. Qe7+ Kh6 38. Nf7+ Kg7 39. Ng5+ 1-0